cohdb
Replays
Latest Replays
All Replays
Popular Replays
Top Player Replays
Match Explorer
How It Works
Community
CoH3 Stats
Reddit
Sign in to upload your games and track your stats! →
Sign in with Steam
Match 44220114
Unlisted
Match 44220114
Overview
Messages
Build Orders
End
Engineer Squad
Construct Barracks
Selects Advanced Infantry Battlegroup
Riflemen Squad
Riflemen Squad
Grenade Package
Infantry Support Center
Construct Medical Station
Selects Convert to Ranger Squad
M1918 Browning Automatic Rifles
Riflemen Squad
Convert to Ranger Squad
Selects Ammunition Storage
Advanced Logistics
Selects Designate Assault Position
Selects Ranger Weapon Training
Survival Training
Convert to Ranger Squad
.30 cal Machine Gun
Captain Retinue
Selects M2A1 105mm Howitzer Emplacement
Riflemen Squad
Riflemen Squad
Convert to Ranger Squad
Selects Free Fire Drills
Designate Assault Position
Convert to Ranger Squad
bigcheese
POUP
Bernadette La Chouette
Brothers in Trenches
MILF_Hunter
-=Thrawn=-
0
0
Comments
sign in to comment!
No comments posted yet!